 Dungeon Crawl Stone Soup version 0.29.1-14-g9c671dbff4 (webtiles) character file.

Game seed: 18157351221386683405

195251 Southy the Slayer (level 17, -12/181 HPs)
             Began as a Minotaur Berserker on Feb 13, 2023.
             Was the Champion of Trog.
             Killed from afar by a starcursed mass (13 damage)
             ... with an accursed screaming
             ... on level 2 of the Abyss.
             The game lasted 01:48:59 (32085 turns).

Southy the Slayer (Minotaur Berserker)             Turns: 32085, Time: 01:49:00

Health: -12/181    AC: 53    Str: 34    XL:     17   Next: 70%
Magic:  16/16      EV:  5    Int:  4    God:    Trog [******]
Gold:   1203       SH: 12    Dex: 15    Spells: 16/16 levels left

rFire   . . .      SeeInvis .   E - +4 war axe (flame)
rCold   . . .      Faith    .   J - +1 tower shield {AC+3}
rNeg    . . .      Spirit   .   G - +14 crystal plate armour of Rume {-Tele Rampage rElec Dex+3}
rPois   .          Reflect  .   (helmet restricted)
rElec   +          Harm     .   s - +2 cloak {Will+}
rCorr   .          Rampage  +   f - +2 pair of gloves
Will    ++++.      NoTele   +   (no boots)
Stlth   ..........              n - amulet of the acrobat
HPRegen 1.40/turn               j - +4 ring of slaying
MPRegen 0.15/turn               X - +6 ring of strength

@: lethally poisoned (-12 -> -29), strong-willed, regenerating
A: horns 2, retaliatory headbutt
}: 1/15 runes: serpentine
a: Renounce Religion, Berserk, Trog's Hand, Brothers in Arms


You were on level 2 of the Abyss.
You worshipped Trog.
Trog was exalted by your worship.
You visited 5 branches of the dungeon, and saw 26 of its levels.
You visited the Abyss 1 time.
You visited 1 bazaar.
You also visited: Bailey.

You collected 2779 gold pieces.
You spent 1576 gold pieces at shops.

Inventory:

Hand Weapons
 E - a +4 war axe of flaming (weapon)
 M - a +1 executioner's axe of flaming
 T - a +6 battleaxe
Armour
 f - a +2 pair of gloves (worn)
 s - a +2 cloak of willpower (worn)
 v - a +2 cloak of preservation
 G - the +14 crystal plate armour of Rume (worn) {-Tele Rampage rElec Dex+3}
   (You acquired it on level 8 of the Dungeon)

   Dex:       It affects your dexterity (+3).
   rElec:     It insulates you from electricity.
   -Tele:     It prevents most forms of teleportation.
   Rampage:   It bestows one free step when moving towards enemies.
 I - a scarf of invisibility
 J - a +1 tower shield of protection (worn)
 N - a +2 buckler of fire resistance
Jewellery
 b - a ring of resist corrosion
 j - a +4 ring of slaying (left hand)
 n - an amulet of the acrobat (around neck)
 t - a ring of poison resistance
 y - a +4 ring of protection
 K - a ring of willpower
 O - a ring of protection from cold
 X - a +6 ring of strength (right hand)
Wands
 a - a wand of iceblast (13)
 g - a wand of light (5)
 q - a wand of mindburst (7)
 u - a wand of charming (25)
 x - a wand of polymorph (19)
 B - a wand of flame (38)
 V - a wand of digging (7)
Scrolls
 k - 10 scrolls of teleportation
 l - 6 scrolls of fear
 o - 2 scrolls of blinking
 r - 3 scrolls of butterflies
 F - 3 scrolls of magic mapping
 P - 3 scrolls of poison
 S - a scroll of silence
 U - 5 scrolls of identify
 W - a scroll of brand weapon
Potions
 c - 5 potions of flight
 d - 2 potions of might
 e - 5 potions of lignification
 h - a potion of experience
 i - a potion of ambrosia
 p - 3 potions of attraction
 w - a potion of haste
 z - 2 potions of resistance
 D - 5 potions of invisibility
 H - 4 potions of cancellation
 Q - 2 potions of berserk rage
Miscellaneous
 R - a box of beasts


   Skills:
 + Level 23.7 Fighting
 - Level 18.0 Axes
 + Level 23.3 Armour
 - Level 2.3 Dodging


You had 16 spell levels left.
You didn't know any spells.
Your spell library was empty.

Dungeon Overview and Level Annotations

Branches:
Dungeon (12/15)            Temple (0/1) D:4            Lair (5/5) D:9
  Swamp (3/4) Lair:3        Snake (4/4) Lair:2        Slime (0/5) Lair:5
    Orc (2/2) D:10            Elf (0/3) Orc:2        Bailey (visited)

Altars:
Cheibriados
Elyvilon
Fedhas
Gozag
Hepliaklqana
Kikubaaqudgha
Makhleb
Nemelex Xobeh
Okawaru
Qazlal
Ru
Uskayaw
Vehumet
Yredelemnul
The Shining One
Jiyva

Shops:
D:5 [   Orc:2 [(!*!([   Snake:3 (=!

Annotations:
D:12 Psyche
Lair:5 exclusion: oklob plant
Swamp:2 Louise


Innate Abilities, Weirdness & Mutations

You have a pair of horns on your head.
You reflexively headbutt those who attack you in melee.


Message History

You are poisoned.
* * * LOW HITPOINT WARNING * * *
You feel sick.
The golden eye is engulfed in poison gas.
The golden eye is poisoned.
The golden eye blinks!
You block the green draconian's attack.
The green draconian tail-slaps you but does no damage.
A starcursed mass splits. x2
The golden eye is engulfed in poison gas.
The golden eye looks even sicker.
Your skin crawls.
You feel strong-willed.
You are engulfed in poison gas.
You are more poisoned.
* * * LOW HITPOINT WARNING * * *
You feel extremely sick. The green draconian barely misses you.
You block the green draconian's attack.
The golden eye is engulfed in poison gas.
The golden eye is poisoned.
The golden eye blinks!
The starcursed mass touches you but does no damage.
A starcursed mass splits.
The starcursed mass touches you but does no damage.
A starcursed mass splits.
You slash the green draconian! You burn the green draconian.
You headbutt the green draconian.
The green draconian is lightly wounded.
You hit the starcursed mass but do no damage. x2
You slice the golden eye!! You burn the golden eye.
You kill the golden eye!
Trog accepts your kill.
You slash the starcursed mass! You burn the starcursed mass.
The starcursed mass shudders and is absorbed by its neighbour.
You are engulfed in poison gas.
You are lethally poisoned!
* * * LOW HITPOINT WARNING * * *
x2 You feel extremely sick.
You block the green draconian's attack.
The green draconian tail-slaps you but does no damage.
A cacophony of accursed wailing tears at your sanity!
You die... . . ### . #' ##.## # ##...#.# #......# . ##.@d#.# . #X#XX.# °XX

X#.#
..°#X.X..#
...G.......#
.... .. ....
##.....
..... .. ...
......


You could see 8 starcursed masses, a green draconian and a golden eye
(poisoned).

Vanquished Creatures
  Vashnia (Snake:3)
  A tentacled starspawn (Abyss:2)
  A thorn hunter (Swamp:1)
  10 nagarajas
  An orc warlord (Orc:2)
  Aizul (Snake:3)
  An eleionoma (Swamp:1)
  2 bunyips (Swamp:1)
  22 anacondas
  A salamander tyrant (Snake:3)
  12 hydras
  A merfolk avatar (Lair:5)
  2 boulder beetles (Lair:5)
  4 alligators
  3 two-headed ogres
  2 thrashing horrors (Abyss:2)
  20 naga warriors
  7 shock serpents
  7 death yaks
  2 orc high priests (Orc:2)
  10 naga sharpshooters
  7 salamander mystics
  6 goliath frogs
  4 spectral anacondas (Snake:2)
  3 anaconda zombies (Snake:2)
  A bog body (Lair:3)
  A sea snake (Lair:5)
  A spriggan druid (Swamp:1)
  4 naga ritualists
  3 anaconda skeletons (Snake:2)
  4 orc knights
  A harpy (Lair:5)
  4 orc sorcerers
  13 mana vipers
  18 salamanders
  23 naga magi
  24 black mambas
  An apocalypse crab (Abyss:2)
  7 elephants
  7 guardian serpents
  Maggie (D:8)
  An unseen horror (D:10)
  12 cane toads
  A torpor snail (Lair:5)
  4 anaconda simulacra (Snake:2)
  A kobold demonologist (Bailey)
  4 rime drakes
  A tormentor (Abyss:2)
  10 komodo dragons
  A tyrant leech (Swamp:2)
  A wind drake (Lair:5)
  2 ancient zymes (Abyss:2)
  A large abomination (Abyss:2)
  22 blink frogs
  2 trolls
  A hornet (Swamp:1)
  A harpy skeleton (Abyss:2)
  A polar bear (Lair:5)
  A slime creature (D:6)
  3 snapping turtles (Lair:5)
  Sigmund (D:6)
  2 small abominations (Abyss:2)
  4 spriggans
  5 wyverns
  25 yaks
  2 humans (Orc:2)
  A ynoxinul (Abyss:2)
  2 golden eyes (Abyss:2)
  2 vampire mosquitoes (Swamp:1)
  Grum (D:8)
  3 basilisks
  3 steam dragons (Lair:5)
  2 neqoxecs (Abyss:2)
  4 wargs (Orc:2)
  2 acid dragons (D:10)
  54 nagas
  9 swamp worms
  27 water moccasins
  An ice beast (D:6)
  35 orc warriors
  5 black bears
  A sky beast (D:6)
  18 wolves
  6 ogres
  5 centaurs
  6 kobold brigands (D:6)
  10 bullfrogs
  A gnoll sergeant (D:9)
  A necrophage (D:5)
  3 scorpions
  7 wights
  7 killer bees
  A howler monkey (D:8)
  A vampire bat (Lair:1)
  3 electric eels (Bailey)
  3 jellies (D:6)
  16 orc priests
  3 hounds
  A gnoll bouda (D:6)
  3 iguanas
  3 hell rats (D:9)
  22 orc wizards
  16 gnolls
  7 adders
  A river rat (D:9)
  A shadow imp (D:7)
  2 white imps
  An ufetubus (D:6)
  3 worms
  A dart slug (D:1)
  109 orcs
  7 ball pythons
  12 endoplasms
  4 giant cockroaches
  11 goblins
  12 hobgoblins
  5 kobolds
  4 quokkas
  14 bats
  A frilled lizard (D:2)
  5 rats
  A bush (Bazaar)
842 creatures vanquished.

Vanquished Creatures (collateral kills)
  A naga sharpshooter (Snake:3)
  A spectral anaconda (Snake:2)
  An anaconda skeleton (Snake:2)
  A naga mage (Snake:3)
  An anaconda simulacrum (Snake:2)
5 creatures vanquished.

Vanquished Creatures (others)
  A naga sharpshooter (Snake:3)
  A spectral anaconda (Snake:2)
  A guardian serpent (Snake:4)
  A bloated husk (Swamp:1)
  An orc wizard (Orc:2)
  24 fungi
  32 plants
  5 starspawn tentacles (Abyss:2)
  5 toadstools (D:6)
71 creatures vanquished.

Grand Total: 918 creatures vanquished

Notes
Turn   | Place    | Note
-------+----------+-------------------------------------------
     0 | D:1      | Southy the Minotaur Berserker began the quest for the Orb.
     0 | D:1      | Reached XP level 1. HP: 19/19 MP: 0/0
    99 | D:1      | Found a faded altar of an unknown god.
   199 | D:1      | Reached XP level 2. HP: 27/27 MP: 1/1
  1013 | D:2      | Reached skill level 5 in Axes
  1013 | D:2      | Reached XP level 3. HP: 29/33 MP: 2/2
  1063 | D:2      | Found a blossoming altar of Fedhas.
  1129 | D:2      | Reached ** piety under Trog
  1313 | D:2      | Reached XP level 4. HP: 40/40 MP: 3/3
  2336 | D:4      | Noticed an ogre
  2394 | D:3      | Killed an ogre
  2395 | D:3      | Reached XP level 5. HP: 10/46 MP: 4/4
  2871 | D:4      | Reached XP level 6. HP: 29/52 MP: 5/5
  3036 | D:4      | Found an iron altar of Okawaru.
  3116 | D:4      | Found a stormy altar of Qazlal.
  3476 | D:4      | Found a staircase to the Ecumenical Temple.
  3555 | D:5      | Entered Level 5 of the Dungeon
  3984 | D:5      | Reached XP level 7. HP: 49/58 MP: 6/6
  4066 | D:5      | Found a runed translucent door.
  4095 | D:5      | Reached *** piety under Trog
  4110 | D:5      | Reached skill level 10 in Axes
  4528 | D:5      | Found Keesm's Antique Armour Shop.
  4535 | D:5      | Bought an embroidered cloak for 172 gold pieces
  4589 | D:5      | Identified a scroll of acquirement
  4589 | D:5      | Acquired 678 gold pieces
  4659 | D:6      | Reached XP level 8. HP: 62/66 MP: 7/7
  5159 | D:6      | Reached **** piety under Trog
  5187 | D:6      | Noticed a slime creature
  5204 | D:6      | Killed a slime creature
  5205 | D:6      | Reached XP level 9. HP: 71/71 MP: 8/8
  5325 | D:6      | Found an ancient bone altar of Kikubaaqudgha.
  5336 | D:6      | Identified the +0 cloak of Worreklau {Fly}
  5415 | D:6      | Reached skill level 15 in Axes
  5423 | D:6      | Noticed Sigmund
  5429 | D:6      | Noticed a troll
  5482 | D:6      | Killed Sigmund
  5551 | D:6      | Killed a troll
  5717 | D:6      | Found a sparkling altar of Nemelex Xobeh.
  5719 | D:6      | Noticed a two-headed ogre
  5728 | D:6      | Killed a two-headed ogre
  5729 | D:6      | Reached XP level 10. HP: 69/78 MP: 9/9
  6056 | D:7      | Found a hazy altar of Hepliaklqana.
  6155 | D:7      | Found an opulent altar of Gozag.
  6473 | D:7      | Found a snail-covered altar of Cheibriados.
  6991 | D:8      | Found a glowing golden altar of the Shining One.
  7037 | D:8      | Noticed Grum
  7050 | D:8      | Killed Grum
  7308 | D:8      | Found a transporter.
  7394 | D:8      | Found a transporter.
  7683 | D:8      | Noticed Maggie
  7699 | D:8      | Killed Maggie
  7863 | D:8      | Found a basalt altar of Yredelemnul.
  7863 | D:8      | Found a radiant altar of Vehumet.
  8154 | D:9      | Found a flagged portal.
  8156 | D:9      | Reached skill level 5 in Fighting
  8212 | Bailey   | Entered a bailey
  8310 | Bailey   | Noticed an orc knight
  8328 | Bailey   | Killed an orc knight
  8329 | Bailey   | Reached skill level 5 in Armour
  8697 | Bailey   | Noticed an orc knight
  8708 | Bailey   | Killed an orc knight
  8877 | Bailey   | Noticed an orc knight
  8891 | Bailey   | Killed an orc knight
  8892 | Bailey   | Reached XP level 11. HP: 92/92 MP: 10/10
  9252 | Bailey   | Found an iron altar of Okawaru.
  9252 | Bailey   | Noticed an orc sorcerer
  9269 | Bailey   | Killed an orc sorcerer
  9563 | D:8      | Acquired the +14 crystal plate armour of Rume {-Tele
                  | Rampage rElec Dex+3}
  9702 | D:9      | Noticed a death yak
  9716 | D:9      | Killed a death yak
  9749 | D:9      | Noticed a death yak
  9749 | D:9      | Noticed a death yak
  9768 | D:9      | Killed a death yak
  9770 | D:9      | Killed a death yak
  9918 | D:9      | Reached ***** piety under Trog
 10106 | D:9      | Found a hide-covered altar of Uskayaw.
 10112 | D:9      | You fall into a shaft and drop 3 floors!
 10123 | D:12     | Noticed Psyche
 10129 | D:11     | Noticed a two-headed ogre
 10136 | D:11     | Killed a two-headed ogre
 10227 | D:10     | Entered Level 10 of the Dungeon
 10327 | D:9      | Found a staircase to the Lair.
 10345 | D:9      | Found a white marble altar of Elyvilon.
 10434 | D:9      | Reached skill level 10 in Fighting
 10551 | D:9      | Found a burning altar of Makhleb.
 10742 | D:10     | Found a staircase to the Orcish Mines.
 10818 | D:10     | Found a sacrificial altar of Ru.
 10928 | D:10     | Reached skill level 10 in Armour
 10966 | D:10     | Noticed a two-headed ogre
 10972 | D:10     | Killed a two-headed ogre
 11297 | Orc:1    | Entered Level 1 of the Orcish Mines
 11404 | Orc:2    | Entered Level 2 of the Orcish Mines
 11595 | Orc:2    | Found a staircase to the Elven Halls.
 11682 | Orc:2    | Found Atiph's Antique Armour Emporium.
 11684 | Orc:2    | Found Mamoc's Distillery.
 11689 | Orc:2    | Bought a glowing cloak for 217 gold pieces
 11702 | Orc:2    | Reached XP level 12. HP: 100/110 MP: 11/11
 11710 | Orc:2    | Bought a potion of heal wounds for 75 gold pieces
 11906 | Orc:2    | Found a flickering gateway to a bazaar.
 11921 | Bazaar   | Entered a bazaar
 11921 | Bazaar   | Found Rit Zoe's Book Boutique.
 11921 | Bazaar   | Found Xiwkach's Armour Shop.
 11921 | Bazaar   | Found Varing's Assorted Antiques.
 11921 | Bazaar   | Found Baecaoc's General Store.
 11949 | Bazaar   | Bought a scroll of magic mapping for 90 gold pieces
 11949 | Bazaar   | Bought a scroll of teleportation for 36 gold pieces
 11949 | Bazaar   | Bought a scroll of identify for 24 gold pieces
 11951 | Bazaar   | Bought a scroll of magic mapping for 210 gold pieces
 11951 | Bazaar   | Bought a scroll of enchant armour for 210 gold pieces
 11951 | Bazaar   | Bought a runed mace for 168 gold pieces
 12152 | Orc:2    | Received a gift from Trog
 12156 | Orc:2    | Noticed an orc high priest
 12159 | Orc:2    | Noticed an orc warlord
 12210 | Orc:2    | Killed an orc warlord
 12222 | Orc:2    | Killed an orc high priest
 12357 | Orc:2    | Found Bylakl Deli's Antique Weapon Boutique.
 12454 | Orc:2    | Found Koole's Antique Armour Shop.
 12471 | Orc:2    | Bought a runed buckler for 165 gold pieces
 12583 | Orc:2    | Noticed an orc high priest
 12586 | Orc:2    | Found Vubleod's Distillery.
 12594 | Orc:2    | Killed an orc high priest
 12673 | Orc:2    | Bought a potion of might for 64 gold pieces
 12835 | Orc:2    | Found Xukuyra's Assorted Antiques.
 12844 | Orc:2    | Bought a runed bronze ring for 145 gold pieces
 12952 | Orc:2    | Found Efritwau's Antique Weapon Emporium.
 13249 | Lair:1   | Entered Level 1 of the Lair of Beasts
 13425 | Lair:1   | Reached ****** piety under Trog
 14264 | Lair:2   | Found a staircase to the Snake Pit.
 14356 | Lair:2   | Reached XP level 13. HP: 101/124 MP: 12/12
 15036 | Lair:2   | Reached skill level 15 in Fighting
 15036 | Lair:2   | Reached XP level 14. HP: 136/136 MP: 13/13
 15067 | Snake:1  | Entered Level 1 of the Snake Pit
 15081 | Lair:2   | Reached skill level 15 in Armour
 15771 | Snake:1  | You fall into a shaft and drop 1 floor!
 16803 | Snake:2  | Noticed a nagaraja
 16811 | Snake:2  | Killed a nagaraja
 17901 | Snake:2  | Reached XP level 15. HP: 84/149 MP: 14/14
 18158 | Snake:2  | Identified the +2 robe of Context {Will+ Regen+ MP+9 Dex+3}
 18652 | Snake:2  | Received a gift from Trog
 18934 | Snake:3  | Found Juir's Antique Weapon Shoppe.
 18934 | Snake:3  | Found Xaiski's Distillery.
 18934 | Snake:3  | Found Bummah's Antique Armour Shoppe.
 19466 | Snake:3  | Found Ryged's Jewellery Emporium.
 19503 | Snake:3  | Noticed a nagaraja
 19512 | Snake:3  | Killed a nagaraja
 20003 | Snake:3  | Noticed Aizul
 20020 | Snake:3  | Killed Aizul
 20439 | Snake:3  | Noticed a nagaraja
 20443 | Snake:3  | Noticed Vashnia
 20501 | Snake:3  | Killed a nagaraja
 20537 | Snake:3  | Received a gift from Trog
 20553 | Snake:3  | Killed Vashnia
 21399 | Snake:4  | Entered Level 4 of the Snake Pit
 21465 | Snake:4  | Reached XP level 16. HP: 126/165 MP: 15/15
 25957 | Snake:4  | Received a gift from Trog
 26716 | Snake:4  | Got a serpentine rune of Zot
 27158 | Lair:3   | Found a staircase to the Swamp.
 28053 | Lair:4   | Identified the +1 robe of Pol Die {Will++ Dex+6 Slay-6}
 28175 | Lair:4   | Reached XP level 17. HP: 171/178 MP: 16/16
 28868 | Lair:5   | Entered Level 5 of the Lair of Beasts
 29115 | Lair:5   | Identified the +1 pair of boots of the Stained Slorg {rPois
                  | rF- Dex+4 SInv}
 29127 | Lair:5   | Found a viscous altar of Jiyva.
 29127 | Lair:5   | Found a staircase to the Slime Pits.
 29128 | Lair:5   | Received a gift from Trog
 29442 | Lair:5   | Identified the +4 rapier "Beastslayer" {freeze, rC+ Stlth+}
 30200 | Swamp:1  | Entered Level 1 of the Swamp
 31648 | Swamp:2  | You fall into a shaft and drop 1 floor!
 31677 | Swamp:3  | Received a gift from Trog
 31680 | Swamp:2  | Noticed Louise
 31680 | Abyss:2  | Cast into level 2 of the Abyss (Louise)
 31873 | Abyss:2  | HP: 9/181 [tentacled starspawn (1)]
 32085 | Abyss:2  | HP: 1/181 [poisoned by a green draconian (poison gas)]
 32085 | Abyss:2  | Killed from afar by a starcursed mass

Illustrated notes

Levels and vault maps discovered:
D:1:      evilmike_arrival_rings, layout_rooms, ebering_ecumenical_altar_box
D:2:      layout_basic, basic_altar, minmay_misc_feat_ornament
D:3:      minmay_diamond_boxcup, layout_loops_cross
D:4:      layout_cave_pools, okawaru_altar_gauntlet_db,
          mainiacjoe_overflow_surrounded_room, minmay_temple_entry_fiery,
          st_stairs_9
D:5:      layout_basic, serial_shops, shop_statue, lightli_church_of_beogh
D:6:      cheibrodos_fertilizer, layout_rooms, kiku_gazebo_pond_becter,
          nemelex_xobeh_ov_fountains_minmay, minmay_divided_ellipse,
          uniq_sigmund
D:7:      layout_loops_ring, cheibrodos_worm_habitat,
          mainiacjoe_overflow_24_doors, nicolae_hepliaklqana_hazy_memory
D:8:      gammafunk_steamed_eel, layout_basic, nicolae_overflow_two_pavilions,
          mainiacjoe_overflow_small_starburst, uniq_maggie, uniq_grum
D:9:      layout_roguey, lightli_temple_of_fire, elyvilon_altar_5,
          mainiacjoe_overflow_catwalk, dpeg_lair_monsters, enter_bailey_2,
          wad_floor_pattern_untrapped
D:10:     layout_rooms, nicolae_ru_sacrificial_ziggurat, minivault_1
D:11:     layout_roguey, nicolae_trove_entry_free_sample, uniq_lodul,
          uniq_sonja, uniq_fannar
D:12:     minmay_curly_fans, layout_gridville, uniq_erolcha, uniq_psyche
Lair:1:   layout_hall_layers, st_stairs_8, roderic_batcave,
          chequers_serial_rivers_micro_b
Lair:2:   layout_cave_shapes, minmay_snake_entry_six_corridors
Lair:3:   layout_roguey, skrybe_swamp_entry_bodies
Lair:4:   layout_loops_ring, serial_bayou_pond_a,
          nicolae_lair_grove_arrangements
Lair:5:   gammafunk_lair_ancient_temple, layout_regular_city, slime_entry_1,
          grunt_forest_large_clearing_hut, infiniplex_staircase_pool
Swamp:1:  layout_basic_swamp, hangedman_swamp_blocks, swamp_pool5
Swamp:2:  layout_basic_swamp, nicolae_swamp_triple_paths, uniq_louise,
          uniq_kirke
Swamp:3:  layout_basic_swamp, evilmike_swamp_ruin_house_5, swamp_pool1,
          nzn_swamp_weyward_sisters
Snake:1:  layout_misc_corridors, nicolae_triple_integral
Snake:2:  layout_grid_maze, nicolae_snake_dead_anacondas
Snake:3:  layout_misc_corridors, hangedman_snake_sidewinding, minmay_shoptagon,
          uniq_vashnia, uniq_aizul
Snake:4:  grunt_snake_rune_serpentine_throne, layout_cave_town
Orc:1:    layout_caves, lightli_orcish_oven
Orc:2:    grunt_orc_community_town_hall, layout_caves,
          grunt_orc_community_big_house_2, grunt_orc_community_big_house_2,
          grunt_orc_community_house_1, grunt_orc_community_house_2,
          grunt_orc_community_house_2, grunt_orc_community_house_1,
          grunt_orc_community_house_3, grunt_orc_community_house_1,
          serial_shops, bzr_entry_customers, shop, nicolae_square_shop,
          nicolae_lakefront_shop
Abyss:2:  base:
Orc:2

Skill      XL: |  1  2  3  4  5  6  7  8  9 10 11 12 13 14 15 16 17 |
---------------+----------------------------------------------------+-----
Axes           | 4 5 7 8 9 11 14 17 18 | 18.0
Fighting       | 7 11 14 15 18 20 22 23 | 23.7
Armour         | 6 10 13 14 17 19 22 23 | 23.3
Dodging        | |  2.3

Action                   |  1- 3 |  4- 6 |  7- 9 | 10-12 | 13-15 | 16-18 || total
-------------------------+-------+-------+-------+-------+-------+-------++-------
Melee: Hand axe          |    61 |    92 |   211 |    40 |       |       ||   404
       Headbutt          |     8 |    16 |    48 |   136 |   150 |   206 ||   564
       Punch             |       |     1 |     1 |       |       |       ||     2
       War axe           |       |       |       |   550 |   569 |   784 ||  1903
       Battleaxe         |       |       |       |    48 |       |       ||    48
Invok: Trog's Hand       |       |     2 |       |     4 |     8 |     2 ||    16
       Berserk           |       |     1 |     4 |     8 |     4 |       ||    17
       Brothers in Arms  |       |       |       |       |     3 |       ||     3
  Use: Scroll            |     9 |     5 |     1 |    15 |    12 |     1 ||    43
       Potion            |       |     1 |     1 |     2 |    14 |     6 ||    24
 Stab: Petrifying        |       |       |       |     2 |       |       ||     2
       Paralysed         |       |       |       |     1 |       |       ||     1
Armor: Animal skin       |    15 |       |       |       |       |       ||    15
       Chain mail        |       |    42 |    72 |     7 |       |       ||   121
       Plate armour      |       |       |       |    35 |       |       ||    35
       Crystal plate arm |       |       |       |   237 |   594 |   738 ||  1569
Dodge: Dodged            |    49 |    43 |    74 |   225 |   184 |   203 ||   778
Block: Buckler           |       |       |       |    47 |    61 |       ||   108
       Tower shield      |       |       |       |       |   309 |   541 ||   850
